 Dungeon Crawl Stone Soup version 0.24-b1 (webtiles) character file.

Game seed: 11125892892163630186, levelgen mode: deterministic

37 Kohma the Insei (level 3, -4/23 HPs)
             Began as an Octopode Transmuter on Oct 12, 2019.
             Slain by a wight
             ... wielding a +4 mace of freezing
              (14 damage)
             ... on level 2 of the Dungeon.
             The game lasted 00:03:10 (1451 turns).

Kohma the Insei (Octopode Transmuter)               Turns: 1451, Time: 00:03:10

Health: -4/23      AC:  1    Str:  9    XL:     3   Next: 41%
Magic:  3/6        EV: 13    Int: 15    God:
Gold:   67         SH:  0    Dex: 13    Spells: 0/6 levels left

rFire    . . .     SeeInvis .     - Unarmed
rCold    . . .     Gourm    .   (no shield)
rNeg     . . .     Faith    .   (helmet restricted)
rPois    .         Spirit   .   (no amulet)
rElec    .         Reflect  .   (no ring)
rCorr    .         Harm     .   (no ring)
MR       .....                  (no ring)
Stlth    ++........             (no ring)
HPRegen  0.07/turn              (no ring)
MPRegen  0.10/turn              (no ring)
                                (no ring)
                                (no ring)

@: very slightly contaminated
A: almost no armour, stealthy swim, amphibious, 8 rings, constrict 8, camouflage
1, gelatinous body 1
a: no special abilities


You were on level 2 of the Dungeon.
You were very hungry.

You visited 1 branch of the dungeon, and saw 2 of its levels.

You collected 67 gold pieces.

Inventory:

Missiles
 a - 9 arrows
 d - 18 poisoned darts (quivered)
Armour
 k - a +0 shield
Jewellery
 i - an uncursed ring of protection from cold {unknown}
Scrolls
 b - 2 scrolls of immolation {unknown}
 f - a scroll of enchant weapon {unknown}
 g - a scroll of magic mapping {unknown}
 h - 3 scrolls of identify {unknown}
Potions
 e - a potion of might {unknown}
 j - a potion of lignification {unknown}
Comestibles
 c - a ration


   Skills:
 - Level 1.0 Fighting
 - Level 2.0 Dodging
 + Level 4.4 Unarmed Combat
 - Level 2.0 Spellcasting
 - Level 2.0 Transmutations


You couldn't memorise any spells.
You knew the following spells:

 Your Spells              Type           Power        Failure   Level  Hunger
a - Beastly Appendage     Tmut           #.....       10%         1    #......
b - Sticks to Snakes      Tmut           #.......     14%         2    ###....
c - Spider Form           Tmut/Pois      #.........   41%         3    ###....

Your spell library contained the following spells:

 Spells                   Type           Power        Failure   Level  Hunger
 Ice Form                 Ice/Tmut       #.......     82%         4    #####..
 Blade Hands              Tmut           #.........   95%         5    ######.


Dungeon Overview and Level Annotations

Branches:
Dungeon (2/15)

Altars:

Annotations:
D:2 1 exclusion


Innate Abilities, Weirdness & Mutations

You cannot wear most types of armour.
You are very stealthy in the water. (Stealth+)
You are amphibious.
You can wear up to eight rings at the same time.
You can use your tentacles to constrict eight enemies at once.
Your skin changes colour to match your surroundings (Stealth+).
Your rubbery body absorbs attacks. (AC +1, EV +1)


Message History

Placed new exclusion.
Your tentacle spike disappears. 3 wights come into view.
A wight is wielding a +4 mace of freezing.
The wight moves out of view.
Found 12 gold pieces.
Casting: Beastly Appendage (safe; 10% risk of failure)
Confirm with . or Enter, or press ? or * to list all spells.
You miscast Spider Form.
You are very lightly contaminated with residual magic.
Your skin glows momentarily.
The wight hits you with a +4 mace of freezing!
The wight freezes you.
You closely miss the wight. You grab the wight. You constrict the wight.
You barely miss the wight.
The wight is lightly damaged.
You constrict the wight.
The wight hits you with a +4 mace of freezing!
Ouch! That really hurt!
You die...

#.# #.#.## # #######.########
#.#.#. $. ................ #.#...
##.#######.#.###### ###.....
z.z...# #.#.# #....... #.# #.#.#
#.#..... #####.####.#.# #.#
#.#.....
...........#.########....#.#.....
...............z@..............>.
.......#####.########.>....#.#...
############.# ###.####.....
#....# #....)..... ##### #....#
##.#....... #...#
#....###########...####.# #...#
##.................# #.#
###...####...############..# #.#
..'......'........#### #..# #.#


You could see a wight.

Vanquished Creatures
  3 dart slugs (D:1)
  A ball python (D:2)
  2 giant cockroaches
  3 goblins
  5 hobgoblins
  2 jackals (D:1)
  3 bats
  3 frilled lizards
  5 kobolds (D:1)
  4 rats
31 creatures vanquished.

Notes
Turn   | Place    | Note
-------+----------+-------------------------------------------
     0 | D:1      | Kohma the Octopode Transmuter began the quest for the Orb.
     0 | D:1      | Reached XP level 1. HP: 13/13 MP: 3/3
   100 | D:1      | Reached XP level 2. HP: 18/18 MP: 3/5
   104 | D:1      | Learned a level 2 spell: Sticks to Snakes
   547 | D:1      | Reached skill level 4 in Unarmed Combat
   642 | D:1      | Reached XP level 3. HP: 23/23 MP: 6/6
   647 | D:1      | Learned a level 3 spell: Spider Form
  1451 | D:2      | Slain by a wight

Skill      XL: |  1  2 |
---------------+-------+-----
Unarmed Combat | 4 |  4.4
Fighting       | |  1.0
Dodging        | |  2.0
Spellcasting   | |  2.0
Transmutations | |  2.0

Action                   || total
-------------------------++-------
Melee: Unarmed           ||    58
       Constrict         ||    18
       Kick              ||    17
       Tentacles         ||     8
       Punch             ||     2
Throw: Dart              ||     1
 Cast: Beastly Appendage ||    20
       Sticks to Snakes  ||     3
 Stab: Sleeping          ||     6
  Eat: Chunk             ||     1
Armor: Skin              ||     6
Dodge: Dodged            ||    28
